 Dungeon Crawl Stone Soup version 0.20-a0-522-g0b37eee (webtiles) character file.

348 M4edhros the Covert (level 6, -2/38 HPs)
             Began as an Octopode Artificer on Jan 25, 2017.
             Slain by an ogre
             ... wielding a +0 giant club
              (21 damage)
             ... on level 4 of the Dungeon.
             The game lasted 00:01:57 (1467 turns).

M4edhros the Covert (Octopode Artificer)            Turns: 1467, Time: 00:01:58

Health: -2/38      AC:  1    Str: 11    XL:     6   Next: 60%
Magic:  17/17      EV: 13    Int: 14    God:
Gold:   99         SH:  0    Dex: 14    Spells: 5/5 levels left

rFire    . . .     SeeInvis +   a - +0 short sword
rCold    . . .     Gourm    +   (no shield)
rNeg     . . .     Faith    .   (helmet restricted)
rPois    .         Spirit   .   o - amulet of the gourmand
rElec    .         Reflect  .   e - ring of magical power
rCorr    .         Harm     .   m - ring of see invisible
MR       .....                  (no ring)
Stlth    +++++.....             (no ring)
Regen    0.2/turn               (no ring)
                                (no ring)
                                (no ring)
                                (no ring)

@: no status effects
A: almost no armour, stealthy swim, amphibious, 8 rings, constrict 8, camouflage
1, gelatinous body 1
a: no special abilities


You were on level 4 of the Dungeon.
You were not hungry.

You visited 1 branch of the dungeon, and saw 4 of its levels.

You collected 99 gold pieces.

Inventory:

Hand Weapons
 a - a +0 short sword (weapon)
 t - a +0 hunting sling
Missiles
 i - 41 sling bullets
 j - 46 stones (quivered)
Jewellery
 e - a ring of magical power (left tentacle)
 m - a ring of see invisible (right tentacle)
 o - an amulet of the gourmand (around mantle)
Wands
 b - a wand of flame (10/48)
 c - a wand of enslavement (13/24)
 d - a wand of random effects (13/48)
Scrolls
 g - 3 scrolls of identify {unknown}
 h - a scroll of remove curse {unknown}
 l - a scroll of magic mapping {unknown}
Potions
 k - a potion of resistance {unknown}
 q - 2 potions of agility {unknown}
 r - a potion of invisibility {unknown}
Books
 n - a book of Geomancy

   Spells                             Type                      Level
   a - Sandblast                      Earth                        1
   b - Passwall                       Transmutation/Earth          2
   c - Stone Arrow                    Conjuration/Earth            3
   d - Petrify                        Transmutation/Earth          4
   e - Lee's Rapid Deconstruction     Earth                        5
Comestibles
 f - a bread ration
 p - a meat ration
 s - a royal jelly


   Skills:
 + Level 1.0 Fighting
 - Level 1.0 Short Blades
 * Level 0.0 Slings
 + Level 2.0 Dodging
 + Level 9.3 Stealth
 - Level 3.2 Evocations


You had 5 spell levels left.
You didn't know any spells.

Dungeon Overview and Level Annotations

Branches:
Dungeon (4/15)
 Temple: D:4-7

Altars:

Shops:
D:4 (


Innate Abilities, Weirdness & Mutations

You cannot wear most types of armour.
You are very stealthy in the water. (Stealth+)
You are amphibious.
You can wear up to eight rings at the same time.
You can use your tentacles to constrict eight enemies at once.
Your skin changes colour to match your surroundings (Stealth+).
Your rubbery body absorbs attacks. (AC +1, EV +1)


Message History

An orc is nearby!
An ogre comes into view. It is wielding a giant club.
The ogre shouts!
The orc shouts!
The ogre hits you with a giant club!! The orc closely misses you.
You see here a royal jelly.
You are too injured to fight recklessly!
You hit the orc. Your grab misses the orc. Your squeeze misses the orc.
The orc is severely wounded.
The orc closely misses you. The ogre barely misses you.
You are too injured to fight recklessly!
You are too injured to fight recklessly!
Evoke which item? (* to show all) (? for menu, Esc to quit)
Aiming: Enslavement
Press: ? - help, Shift-Dir - straight line, f - ogre
Aim: an ogre, wielding a giant club (chance to defeat MR: 55%)
The ogre resists with significant effort.
This wand has 13 charges left.
The orc completely misses you. The ogre hits you with a giant club!!
Ouch! That really hurt!
You die...

#.# #....### #.#
#.# #....# #.#
#'## ###### #.#
...# #.# ...#
########### #.#
...#####
#.........####.#
.......#
#..#.####......#
.......# #.####
######.#
.......# #@O#
#.# #'######
#o## #.# #.# #.#
#.# #.# #.+ #.#
#.# ### #.# #.#
#.# #.# #.# #.#


You could see an ogre and an orc.

Vanquished Creatures
  Sigmund (D:4)
  A howler monkey (D:4)
  A centaur skeleton (D:4)
  A hound (D:4)
  2 orc priests (D:4)
  A bullfrog skeleton (D:4)
  2 worms (D:4)
  A leopard gecko (D:4)
  4 orcs (D:4)
  2 bats
  A giant cockroach (D:1)
  3 goblins (D:1)
  A hobgoblin (D:1)
  4 jackals (D:1)
  A ball python (D:1)
  3 frilled lizards
  2 kobolds (D:1)
31 creatures vanquished.

Vanquished Creatures (others)
  A centaur skeleton (D:4)
1 creature vanquished.

Grand Total: 32 creatures vanquished

Notes
Turn   | Place    | Note
-------+----------+-------------------------------------------
     0 | D:1      | M4edhros the Octopode Artificer began the quest for the Orb.
     0 | D:1      | Reached XP level 1. HP: 13/13 MP: 3/3
   205 | D:1      | Reached skill level 2 in Stealth
   216 | D:1      | Reached skill level 3 in Stealth
   216 | D:1      | Reached XP level 2. HP: 6/18 MP: 4/4
   763 | D:4      | Found Uptoc's Weapon Emporium.
   782 | D:4      | Reached skill level 4 in Stealth
   782 | D:4      | Reached XP level 3. HP: 19/23 MP: 5/5
   801 | D:4      | Reached skill level 5 in Stealth
   819 | D:4      | Reached XP level 4. HP: 14/28 MP: 6/6
   855 | D:4      | Reached skill level 6 in Stealth
  1020 | D:4      | Noticed Sigmund
  1023 | D:4      | Killed Sigmund
  1023 | D:4      | Reached skill level 8 in Stealth
  1023 | D:4      | Reached XP level 5. HP: 33/33 MP: 7/7
  1023 | D:4      | Reached XP level 6. HP: 38/38 MP: 8/8
  1135 | D:4      | Reached skill level 9 in Stealth
  1467 | D:4      | Slain by an ogre

Vault maps used:
D:1:      dpeg_arrival_simpleton_b
D:2:      xom_teletrap_fun, lemuel_doored_altar
D:3:      grunt_temple_overflow_open, first_bread, uniq_grinder
D:4:      minmay_wonky_spiral, serial_shops, nicolae_shop_statue_plus,
          uniq_sigmund

Skill      XL: |  1  2  3  4  5  6 |
---------------+-------------------+-----
Stealth        | 3 4 5 8 9 |  9.3
Fighting       | |  1.0
Short Blades   | |  1.0
Dodging        | |  2.0
Evocations     | |  3.2

Action                   |  1- 3 |  4- 6 || total
-------------------------+-------+-------++-------
Melee: Short sword       |    46 |    28 ||    74
       Constrict         |    14 |     4 ||    18
       Tentacles         |     5 |     6 ||    11
Evoke: Wand              |     5 |     4 ||     9
 Stab: Sleeping          |     4 |     4 ||     8
  Eat: Chunk             |       |     4 ||     4
Armor: Skin              |     6 |       ||     6
Dodge: Dodged            |    38 |    18 ||    56
